 Dungeon Crawl Stone Soup version 0.21.0-3-g78d12a8 (webtiles) character file.

389436 JeffiDaFish the Slayer (level 22, -8/213 HPs)
             Began as a Minotaur Fighter on Jan 9, 2018.
             Was the Champion of Okawaru.
             Mangled by a vault warden
             ... wielding a cursed +0 dire flail
              (10 damage)
             ... on level 5 of the Vaults on Jan 11, 2018.
             The game lasted 01:51:07 (42630 turns).

JeffiDaFish the Slayer (Minotaur Fighter)          Turns: 42630, Time: 01:51:07

Health: -8/213     AC: 29    Str: 26    XL:     22   Next: 6%
Magic:  18/28      EV: -1    Int:  5    God:    Okawaru [******]
Gold:   967        SH:  0    Dex: 24    Spells: 21/21 levels left

rFire    + + +     SeeInvis .   C - +7 broad axe (elec)
rCold    + + .     Gourm    .   o - +5 large shield "Enaar" {rF+ rC+ Str+3}
rNeg     + + +     Faith    .   B - +3 plate armour {rF+}
rPois    ∞         Spirit   .   E - +2 hat "Zise" {rPois rN++}
rElec    .         Reflect  +   m - +2 cloak
rCorr    .         Harm     .   d - +0 pair of gloves of Exclusion {rC+ Dex+6}
MR       +....     Clarity  +   D - +2 pair of boots {run}
Stlth    ..........             i - +4 amulet of reflection
HPRegen  0.45/turn              H - +4 ring of strength
MPRegen  0.21/turn              L - ring "Ygiwuneo" {rN+ Slay+3}

@: petrified, finesse, marked, constricted, quick
A: retaliatory headbutt, horns 2, clarity, clumsy 1, deformed body,
deterioration 1, fire resistance 1, screaming 1, weak 1, wild magic 1
}: 2/15 runes: serpentine, barnacled
a: Heroism, Finesse, Renounce Religion


You were on level 5 of the Vaults.
You worshipped Okawaru.
Okawaru was exalted by your worship.
You were not hungry.

You visited 6 branches of the dungeon, and saw 36 of its levels.
You visited the Abyss 2 times.
You also visited: Ossuary, Ice Cave and Volcano.

You collected 4740 gold pieces.
You spent 3773 gold pieces at shops.

Inventory:

Hand Weapons
 u - the +11 war axe "Hydra's Demise" {chop, +Blink Dex+4}
   (You bought it in a shop on level 2 of the Orcish Mines)

   It inflicts extra damage upon your enemies.
   It affects your dexterity (+4).
   It lets you blink.
 C - a +7 broad axe of electrocution (weapon)
 J - the +2 whip "Bys Biaxt" {slash, *Rage rF+ Int+3}
   (You took it off a crimson imp on level 14 of the Dungeon)

   It inflicts extra damage upon your enemies.
   It affects your intelligence (+3).
   It protects you from fire.
   It may make you go berserk in combat.
Armour
 d - the +0 pair of gloves of Exclusion (worn) {rC+ Dex+6}
   (Okawaru gifted it to you on level 1 of the Orcish Mines)

   It affects your dexterity (+6).
   It protects you from cold.
 m - a +2 cloak (worn)
 o - the +5 large shield "Enaar" (worn) {rF+ rC+ Str+3}
   (You took it off Mennas on level 4 of the Vaults)

   It affects your strength (+3).
   It protects you from fire.
   It protects you from cold.
 B - a +3 plate armour of fire resistance (worn)
 D - a +2 pair of boots of running (worn)
 E - the +2 hat "Zise" (worn) {rPois rN++}
   (Okawaru gifted it to you on level 5 of the Lair of Beasts)

   It protects you from poison.
   It greatly protects you from negative energy.
Jewellery
 h - an uncursed ring of protection from fire
 i - a +4 amulet of reflection (around neck)
 p - an uncursed ring of protection from magic
 H - a +4 ring of strength (left hand)
 I - an uncursed ring of protection from cold
 K - an uncursed ring of see invisible
 L - the ring "Ygiwuneo" (right hand) {rN+ Slay+3}
   (You bought it in a shop on level 1 of the Snake Pit)

   [ring of slaying]

   It affects your accuracy and damage with ranged weapons and melee attacks
   (+3).
   It protects you from negative energy.
Wands
 j - a wand of clouds (10)
Scrolls
 a - 7 scrolls of magic mapping
 e - 9 scrolls of amnesia
 k - 24 scrolls of remove curse
 q - 3 scrolls of fear
 s - 19 scrolls of teleportation
 v - 5 scrolls of identify
 w - 7 scrolls of blinking
 y - 10 scrolls of fog
Potions
 b - 7 potions of agility
 g - 4 potions of haste
 l - 6 potions of heal wounds
 r - 5 potions of flight
 t - 5 potions of might
 x - 2 potions of ambrosia
 z - 5 potions of berserk rage
 F - 2 potions of resistance
 G - 12 potions of curing
Comestibles
 c - 3 chunks of flesh
 f - 65 rations


   Skills:
 + Level 21.2 Fighting
 + Level 20.6 Axes
 + Level 20.7 Armour
 * Level 19.9 Dodging
 - Level 0.9 Stealth
 + Level 16.0 Shields
 - Level 10.3 Invocations


You had 21 spell levels left.
You didn't know any spells.

Dungeon Overview and Level Annotations

Branches:
Dungeon (15/15)            Temple (0/1) D:6            Lair (6/6) D:9
 Shoals (4/4) Lair:3        Snake (4/4) Lair:2        Slime (0/5) Lair:6
    Orc (2/2) D:11            Elf (0/3) Orc:2        Vaults (5/5) D:13
  Crypt (0/3) Vaults:2     Depths (0/5) D:15

Altars:
Dithmenos
Elyvilon
Fedhas
Gozag
Hepliaklqana
Kikubaaqudgha
Okawaru
Qazlal
Ru
Xom
Yredelemnul
Beogh
Jiyva

Shops:
D:8 *   D:10 =   D:14 *   Orc:2 ([*:   Shoals:2 !   Snake:1 *=   Snake:3 (
Snake:4 *   Vaults:3 ![(*   Vaults:4 (

Annotations:
D:13 1 runed door
Lair:1 exclusion: 3 oklob plants


Innate Abilities, Weirdness & Mutations

You reflexively headbutt those who attack you in melee.
You have a pair of horns on your head.
You possess an exceptional clarity of mind.
You are clumsy. (Dex -2)
Armour fits poorly on your strangely shaped body.
Your body sometimes deteriorates upon taking damage.
Your flesh is heat resistant. (rF+)
You occasionally shout uncontrollably at your foes.
You are weak. (Str -2)
Your spells are a little harder to cast, but a little more powerful.


Message History

The deep elf sorcerer is empowered by the deep elf high priest's aura!
The ancient lich is empowered by the deep elf high priest's aura!
The deep elf mage is empowered by the deep elf high priest's aura!
The deep elf high priest mumbles some strange prayers to its god against you.
Something smites you!
* * * LOW HITPOINT WARNING * * *
The deep elf mage casts a spell.
The deep elf mage blinks!
The golden dragon bites you but does no damage.
The golden dragon claws you but does no damage.
The golden dragon tramples you but does no damage.
The tentacled monstrosity tentacle-slaps you!
* * * LOW HITPOINT WARNING * * *
The tentacled monstrosity tentacle-slaps you but does no damage.
The tentacled monstrosity tentacle-slaps you!
* * * LOW HITPOINT WARNING * * *
The small abomination hits you.
* * * LOW HITPOINT WARNING * * *
The vault warden hits you with a dire flail!!
You die...

..#..#....# .
.#..#....#.#
...c#....#.##.
.eOoDO...o(.
######QcCp....####
......cCDDOx......
.....eCODLOO......
.....SDX@Xp§......
......CXpxG...e...
######cDXp....####
#.ee.....L...
#..#.e..#.....
#...#....#.....
#....#....# ....
.(...#....# ..#
..#####....# ...


You could see a shadow dragon, 2 tentacled monstrosities, an iron dragon, 2
titans, a golden dragon, an ancient lich, 3 storm dragons, a stone giant, a
vault warden, a tengu reaver, a lich, a yaktaur captain, an orc knight, a great
orb of eyes, an ettin, a sea snake shaped shifter, 2 deep elf sorcerers, 3
two-headed ogres, an ogre mage, 2 vault sentinels, 2 deep elf high priests, 2
large abominations, an ironbrand convoker, 3 yaktaurs, 2 deep elf magi, an orc
warrior, 2 ogres and 2 small abominations.

Vanquished Creatures
  Mennas (Vaults:4)
  Vashnia (Snake:2)
  Bai Suzhen (Shoals:4)
  Nikola (Snake:2)
  A tentacled monstrosity (Vaults:3)
  A lich (Abyss:3)
  A titan (Vaults:4)
  2 quicksilver dragons (Vaults:4)
  Frances (D:13)
  An Executioner (Abyss:3)
  Kirke (D:13)
  A kraken (Shoals:2)
  Agnes (Snake:2)
  2 shadow dragons
  Ilsuiw (Shoals:4)
  A storm dragon (Vaults:5)
  2 fire giants (Vaults:3)
  8 nagarajas (Snake:4)
  2 orc warlords (Orc:2)
  Aizul (Shoals:3)
  2 frost giants
  2 deep elf sorcerers
  17 vault wardens
  8 very ugly things
  12 ironheart preservers
  2 entropy weavers
  A war gargoyle (Vaults:3)
  A stone giant (Vaults:5)
  The ghost of Raiza the Archer, a journeyman CeAK of Lugonu (Lair:4)
  2 deep elf annihilators
  A lorocyproca (Abyss:3)
  Azrael (D:13)
  2 ettins (Vaults:3)
  An eidolon (Abyss:3)
  A deep elf death mage (Vaults:5)
  9 merfolk impalers
  6 fire dragons
  Snorg (D:13)
  7 yaktaur captains
  4 merfolk javelineers
  Josephine (Lair:4)
  A great orb of eyes (Vaults:1)
  3 ice dragons
  11 naga warriors
  32 vault guards
  3 rakshasas
  4 hydras
  2 alligator snapping turtles
  A merfolk avatar (Shoals:4)
  3 centaur warriors
  3 catoblepae
  18 anacondas
  4 merfolk aquamancers
  31 two-headed ogres
  5 orc high priests
  7 ogre magi
  12 death yaks
  2 death knights
  A two-headed ogre (shapeshifter) (Vaults:4)
  13 naga sharpshooters
  10 shock serpents
  A thrashing horror (Abyss:3)
  Urug (Orc:1)
  4 wretched stars (Abyss:3)
  8 deep elf knights
  6 skeletal warriors
  Sonja (Lair:3)
  A sun demon (Abyss:3)
  A sixfirhy (Abyss:3)
  3 salamander mystics
  A hell knight (Vaults:3)
  5 shadow wraiths
  A spatial maelstrom (Abyss:3)
  A shadow demon (Abyss:3)
  23 sea snakes
  3 unseen horrors
  11 deep trolls
  A swamp dragon (Lair:6)
  8 naga ritualists
  Pikel (D:4)
  A kraken simulacrum (Shoals:4)
  3 wizards
  5 deep elf archers
  A swamp dragon (shapeshifter) (Vaults:3)
  2 glowing orange brains
  3 lindwurms
  A necromancer (Abyss:3)
  2 phantasmal warriors
  11 deep elf magi
  15 ironbrand convokers
  13 harpies
  2 wolf spider zombies
  An orb spider (shapeshifter) (Vaults:3)
  3 wolf spiders
  7 fauns
  6 orc sorcerers
  16 orc knights
  A fire giant zombie (Abyss:3)
  13 mana vipers
  An oklob plant (Lair:3)
  15 manticores
  9 salamanders
  A stone giant zombie (Abyss:3)
  28 ugly things
  3 worldbinders (Abyss:3)
  8 elephants
  8 cyclopes
  A guardian serpent (shapeshifter) (Vaults:4)
  An ice statue (IceCv)
  8 guardian serpents
  12 naga magi
  2 apocalypse crabs (Abyss:3)
  33 black mambas
  10 merfolk sirens
  10 vault sentinels
  12 water nymphs
  7 torpor snails
  A molten gargoyle (D:13)
  2 smoke demons (Abyss:3)
  A gargoyle (D:13)
  11 komodo dragons
  An orange demon (Abyss:3)
  4 rime drakes
  3 freezing wraiths
  6 spiny frogs
  29 yaktaurs
  An efreet (D:13)
  2 ice devils (D:12)
  A red devil (Abyss:3)
  A kobold demonologist (D:13)
  A yaktaur (shapeshifter) (Vaults:5)
  2 ancient zymes (Abyss:3)
  35 merfolk
  A meliai (shapeshifter) (Vaults:5)
  A polar bear (shapeshifter) (Vaults:2)
  8 trolls
  A shadow dragon simulacrum (Vaults:3)
  Prince Ribbit (D:7)
  A wind drake (shapeshifter) (Vaults:5)
  11 polar bears
  6 snapping turtles
  3 wind drakes
  A hornet (shapeshifter) (Vaults:2)
  18 hornets
  17 raiju
  18 blink frogs
  17 slime creatures
  3 tyrant leeches (Lair:6)
  8 hippogriffs
  An alligator zombie (Abyss:3)
  A stone giant simulacrum (Abyss:3)
  5 dream sheep
  3 redbacks
  18 starcursed masses (Abyss:3)
  3 centaur simulacra (D:15)
  2 ynoxinuls (Abyss:3)
  Sigmund (D:4)
  18 spriggans
  3 shadows
  71 yaks
  11 large abominations
  10 water elementals
  The ghost of THUG4L1F3 the Skirmisher, an amateur MiCK of Xom (D:3)
  2 wyverns
  7 wraiths
  2 chaos spawn
  A fire bat (Volcano)
  4 fire elementals (D:13)
  6 hogs
  5 hungry ghosts
  2 basilisks
  5 neqoxecs (Abyss:3)
  A human (D:7)
  2 steam dragons (Lair:6)
  Grum (D:9)
  66 nagas
  A swamp worm (shapeshifter) (Vaults:4)
  6 wargs
  Edmund (D:6)
  2 vampire mosquitoes (D:12)
  4 acid dragons
  4 insubstantial wisps (Abyss:3)
  18 water moccasins
  A soldier ant (shapeshifter) (Vaults:2)
  Duvessa (D:4)
  2 hell hounds (Volcano)
  10 porcupines
  A swamp drake (Lair:6)
  A black bear (D:7)
  45 orc warriors
  4 sky beasts
  A manticore zombie (Abyss:3)
  3 ice beasts
  A slave (D:4)
  A necrophage (D:14)
  9 boggarts
  6 phantoms
  29 ogres
  27 wolves
  13 centaurs
  15 crocodiles
  A crocodile (shapeshifter) (Vaults:2)
  2 big kobolds (D:9)
  An elf zombie (Ossuary)
  12 bullfrogs
  Blork the orc (D:4)
  A gnoll sergeant (D:7)
  A wyvern zombie (D:10)
  Dowan (D:4)
  3 scorpions
  A wyvern skeleton (D:8)
  7 wights
  2 lava snakes (Snake:4)
  17 crimson imps
  2 quasits (Abyss:3)
  4 centaur zombies
  9 hounds
  A bullfrog zombie (D:10)
  2 centaur skeletons
  17 orc priests
  A bullfrog skeleton (D:10)
  4 iguanas
  Ijyb (D:4)
  2 human zombies (Ossuary)
  Crazy Yiuf (D:5)
  2 gnoll shamans
  24 orc wizards
  3 worker ants
  3 big kobold zombies (Ossuary)
  12 small abominations
  A hound skeleton (D:9)
  2 mummies (Ossuary)
  A worker ant zombie (D:6)
  17 gnolls
  13 adders
  4 shadow imps
  3 white imps (D:15)
  2 adder skeletons
  An adder zombie (D:9)
  2 worms
  A dart slug (D:2)
  8 leopard geckos
  96 orcs
  8 bats
  6 giant cockroaches
  8 goblins
  14 hobgoblins
  13 jackals
  23 kobolds
  8 quokkas
  6 frilled lizards
  2 goblin zombies (Ossuary)
  3 hobgoblin zombies (Ossuary)
  2 leopard gecko skeletons
  2 orc zombies (Ossuary)
  A quokka skeleton (D:4)
  13 rats
  4 fungi
  2 lurking horrors (Abyss:3)
  13 plants
  4 tentacles
1730 creatures vanquished.

Vanquished Creatures (others)
  A nagaraja (Snake:4)
  A merfolk javelineer (Shoals:4)
  A naga warrior (Snake:2)
  A two-headed ogre (Volcano)
  A naga sharpshooter (Snake:3)
  2 deep elf archers
  A faun (Shoals:1)
  A salamander (Snake:4)
  A manticore (Shoals:2)
  6 yaktaurs
  A tengu conjurer (D:13)
  A human (D:13)
  A naga (Snake:2)
  A warg (Vaults:3)
  A hornet zombie (D:13)
  An orc warrior (D:13)
  A boggart (Vaults:3)
  A centaur (Shoals:3)
  A wolf (IceCv)
  A dart slug (D:4)
  An orc (Orc:1)
  A kobold (D:9)
  A bush (Lair:1)
  6 fungi
  A lurking horror (Abyss:3)
  16 plants
  3 tentacles
55 creatures vanquished.

Grand Total: 1785 creatures vanquished

Notes
Turn   | Place    | Note
-------+----------+-------------------------------------------
     0 | D:1      | JeffiDaFish the Minotaur Fighter began the quest for the Orb.
     0 | D:1      | Reached XP level 1. HP: 19/19 MP: 0/0
    96 | D:1      | Reached XP level 2. HP: 24/27 MP: 1/1
   193 | D:1      | Reached skill level 4 in Fighting
   580 | D:2      | Reached XP level 3. HP: 33/33 MP: 2/2
   818 | D:2      | Found a faded altar of an unknown god.
   822 | D:2      | Noticed a bullfrog
   829 | D:2      | Killed a bullfrog
   829 | D:2      | Reached XP level 4. HP: 39/41 MP: 3/3
  1091 | D:2      | Found a sacrificial altar of Ru.
  1181 | D:2      | Reached XP level 5. HP: 47/47 MP: 4/4
  1568 | D:3      | Noticed THUG4L1F3's ghost (amateur MiCK)
  1580 | D:3      | Killed THUG4L1F3's ghost
  1580 | D:3      | Reached skill level 5 in Axes
  1580 | D:3      | Reached skill level 5 in Shields
  1580 | D:3      | Reached XP level 6. HP: 46/53 MP: 5/5
  1595 | D:3      | Found an opulent altar of Gozag.
  2039 | D:3      | Found a blossoming altar of Fedhas.
  2126 | D:4      | Noticed Ijyb
  2144 | D:4      | Killed Ijyb
  2144 | D:4      | Reached skill level 1 in Dodging
  2206 | D:4      | Noticed a slave
  2206 | D:4      | Noticed a slave
  2207 | D:4      | Noticed a slave
  2208 | D:4      | Noticed Pikel
  2208 | D:4      | Noticed a slave
  2211 | D:4      | Noticed Sigmund
  2222 | D:4      | Killed a slave
  2227 | D:4      | Killed Pikel
  2227 | D:4      | Reached skill level 5 in Fighting
  2227 | D:4      | Reached XP level 7. HP: 61/61 MP: 6/6
  2229 | D:4      | Killed Sigmund
  2383 | D:4      | Found a shimmering altar of Xom.
  2388 | D:4      | Noticed Blork the orc
  2410 | D:4      | Killed Blork the orc
  2410 | D:4      | Reached XP level 8. HP: 37/68 MP: 7/7
  2424 | D:4      | Reached skill level 5 in Armour
  2510 | D:4      | Noticed Duvessa
  2511 | D:4      | Noticed Dowan
  2525 | D:4      | Killed Duvessa
  2532 | D:4      | Killed Dowan
  2776 | D:4      | Noticed an air elemental
  2779 | D:4      | Found a stormy altar of Qazlal.
  2893 | D:5      | Entered Level 5 of the Dungeon
  3273 | D:5      | Found an iron altar of Okawaru.
  3302 | D:5      | Became a worshipper of Warmaster Okawaru
  3355 | D:5      | Found a hazy altar of Hepliaklqana.
  3599 | D:5      | Found a sand-covered staircase.
  3610 | Ossuary  | Entered an ossuary
  3929 | D:5      | Reached skill level 6 in Fighting
  4224 | D:5      | Found a shadowy altar of Dithmenos.
  4328 | D:5      | Found a runed door.
  4332 | D:5      | Noticed Crazy Yiuf
  4336 | D:5      | Killed Crazy Yiuf
  4528 | D:6      | Reached XP level 9. HP: 75/75 MP: 8/8
  4671 | D:6      | Found a staircase to the Ecumenical Temple.
  5248 | D:6      | Noticed Edmund
  5263 | D:6      | Killed Edmund
  5263 | D:6      | Reached * piety under Okawaru
  5502 | D:7      | Paralysed by a hornet for 1 turns
  5505 | D:7      | Reached skill level 10 in Axes
  5967 | D:7      | Found a white marble altar of Elyvilon.
  6035 | D:7      | Reached ** piety under Okawaru
  6189 | D:7      | Noticed Prince Ribbit
  6198 | D:7      | Killed Prince Ribbit
  6198 | D:7      | Reached skill level 5 in Dodging
  6242 | D:7      | Reached skill level 7 in Fighting
  6246 | D:7      | Reached XP level 10. HP: 86/86 MP: 9/9
  6376 | D:7      | Paralysed by a gnoll sergeant for 3 turns
  6384 | D:7      | Paralysed by a gnoll sergeant for 2 turns
  6387 | D:7      | Paralysed by a gnoll sergeant for 5 turns
  6561 | D:7      | Reached skill level 10 in Shields
  6916 | D:8      | Reached *** piety under Okawaru
  7201 | D:8      | Found Xas Hiku's Island Escapes.
  7685 | D:8      | Bought a scroll of teleportation for 42 gold pieces
  7685 | D:8      | Bought a scroll of blinking for 105 gold pieces
  7685 | D:8      | Bought a scroll of blinking for 105 gold pieces
  7701 | D:9      | Noticed a two-headed ogre
  7712 | D:9      | Killed a two-headed ogre
  7776 | D:9      | Reached skill level 8 in Fighting
  7786 | D:9      | Noticed a two-headed ogre
  7806 | D:9      | Killed a two-headed ogre
  7806 | D:9      | Reached **** piety under Okawaru
  7835 | D:9      | Noticed Grum
  7835 | D:9      | Noticed a two-headed ogre
  7860 | D:9      | Killed a two-headed ogre
  7860 | D:9      | Reached XP level 11. HP: 30/95 MP: 10/10
  7869 | D:9      | Killed Grum
  7869 | D:9      | Reached skill level 9 in Fighting
  8146 | D:9      | Found a staircase to the Lair.
  8425 | Lair:1   | Entered Level 1 of the Lair of Beasts
  8456 | Lair:1   | Noticed an eight-headed hydra
  8472 | Lair:1   | Killed an eight-headed hydra
  8687 | Lair:1   | Reached ***** piety under Okawaru
  9056 | Lair:1   | Found a dark tunnel.
  9074 | Volcano  | Entered a volcano
  9087 | Volcano  | Noticed a two-headed ogre
  9090 | Volcano  | Noticed a lindwurm
  9104 | Volcano  | Noticed a two-headed ogre
  9105 | Volcano  | Killed a lindwurm
  9105 | Volcano  | Reached skill level 10 in Fighting
  9166 | Volcano  | Killed a two-headed ogre
  9192 | Volcano  | Killed a two-headed ogre
  9488 | Volcano  | Received a gift from Okawaru
  9515 | Volcano  | Identified a +0 pair of boots of running (You found it in a volcano)
  9934 | Lair:1   | You fall through a shaft!
 10003 | Lair:1   | Noticed an oklob plant
 10003 | Lair:1   | Noticed an oklob plant
 10003 | Lair:1   | Noticed an oklob plant
 10528 | Lair:2   | Found a staircase to the Snake Pit.
 11011 | Lair:3   | Noticed a death yak
 11018 | Lair:3   | Noticed a death yak
 11022 | Lair:3   | Noticed a death yak
 11025 | Lair:3   | Noticed a death yak
 11025 | Lair:3   | Killed a death yak
 11025 | Lair:3   | Reached XP level 12. HP: 105/108 MP: 11/11
 11042 | Lair:3   | Killed a death yak
 11042 | Lair:3   | Reached skill level 11 in Fighting
 11048 | Lair:3   | Killed a death yak
 11054 | Lair:3   | Killed a death yak
 11148 | Lair:3   | Received a gift from Okawaru
 11175 | Lair:3   | Reached ****** piety under Okawaru
 11348 | Lair:3   | Found a staircase to the Shoals.
 11930 | Lair:3   | Found an iron altar of Okawaru.
 11930 | Lair:3   | Noticed Sonja
 11937 | Lair:3   | Killed Sonja
 11937 | Lair:3   | Reached skill level 10 in Armour
 12022 | Lair:3   | Reached skill level 12 in Fighting
 12174 | Lair:3   | Received a gift from Okawaru
 12910 | Lair:4   | Reached XP level 13. HP: 97/119 MP: 12/12
 13265 | Lair:4   | Noticed Raiza's ghost (journeyman CeAK)
 13287 | Lair:4   | Killed Raiza's ghost
 13464 | Lair:4   | Noticed Josephine
 13613 | Lair:4   | Killed Josephine
 13613 | Lair:4   | Reached skill level 13 in Fighting
 14173 | Lair:5   | Received a gift from Okawaru
 14176 | Lair:5   | Got a warped hat {god gift}
 14182 | Lair:5   | Identified the +2 hat "Zise" {rPois rN++} (Okawaru gifted it to you on level 5 of the Lair of Beasts)
 14435 | Lair:5   | Gained mutation: You occasionally shout uncontrollably at your foes. [potion of mutation]
 14435 | Lair:5   | Gained mutation: You possess an exceptional clarity of mind. [potion of mutation]
 14435 | Lair:5   | Gained mutation: Your spells are a little harder to cast, but a little more powerful. [potion of mutation]
 14666 | Lair:6   | Entered Level 6 of the Lair of Beasts
 14672 | Lair:6   | Reached skill level 15 in Shields
 14752 | Lair:6   | Reached skill level 10 in Dodging
 14815 | Lair:6   | Reached skill level 14 in Fighting
 14833 | Lair:6   | Reached XP level 14. HP: 123/132 MP: 13/13
 14899 | Lair:6   | Found a viscous altar of Jiyva.
 14899 | Lair:6   | Found a staircase to the Slime Pits.
 15010 | Lair:6   | Found a runed door.
 15591 | Lair:6   | Received a gift from Okawaru
 15999 | Lair:6   | Reached skill level 15 in Fighting
 16817 | D:10     | Entered Level 10 of the Dungeon
 16900 | D:10     | Found Biodid's Jewellery Shoppe.
 18039 | D:11     | Found a staircase to the Orcish Mines.
 18594 | D:12     | Found a shimmering altar of Xom.
 18899 | D:12     | Found a frozen archway.
 18916 | D:12     | Received a gift from Okawaru
 18925 | IceCv    | Entered an ice cave
 19326 | IceCv    | Reached XP level 15. HP: 141/143 MP: 14/14
 19458 | IceCv    | Reached skill level 16 in Fighting
 19585 | IceCv    | Noticed a frost giant
 19610 | IceCv    | Reached skill level 15 in Axes
 19617 | IceCv    | Killed a frost giant
 19634 | IceCv    | Received a gift from Okawaru
 19699 | IceCv    | Got a dazzling battleaxe
 19700 | IceCv    | Identified the +1 battleaxe of the Undead {chop, Dex+3} (You found it in an ice cave)
 20526 | D:13     | Noticed Snorg
 20539 | D:13     | Killed Snorg
 20609 | D:13     | Noticed Kirke
 20620 | D:13     | Killed Kirke
 20632 | D:13     | Reached skill level 1 in Invocations
 20811 | D:13     | Received a gift from Okawaru
 20903 | D:13     | Found a gate to the Vaults.
 21042 | D:13     | Received a gift from Okawaru
 21383 | D:13     | Noticed Frances
 21398 | D:13     | Killed Frances
 21641 | D:13     | Found a runed door.
 21648 | D:13     | Noticed a tengu reaver
 21723 | D:13     | Noticed Azrael
 21740 | D:13     | Killed Azrael
 21978 | D:14     | Received a gift from Okawaru
 22039 | D:14     | Got an ivory whip {slash}
 22174 | D:14     | Found Kotyseex's Assorted Antiques.
 22183 | D:14     | Bought a scroll of enchant armour for 210 gold pieces
 22356 | D:15     | Entered Level 15 of the Dungeon
 23176 | D:15     | Identified the cursed +2 whip "Bys Biaxt" {slash, *Rage rF+ Int+3} (You took it off a crimson imp on level 14 of the Dungeon)
 23184 | D:15     | Reached XP level 16. HP: 151/154 MP: 18/18
 23463 | D:15     | Found a staircase to the Depths.
 24074 | Orc:1    | Entered Level 1 of the Orcish Mines
 24202 | Orc:1    | Noticed Urug
 24211 | Orc:1    | Reached skill level 17 in Fighting
 24218 | Orc:1    | Killed Urug
 24218 | Orc:1    | Received a gift from Okawaru
 24240 | Orc:1    | Got a pair of faintly humming gloves {god gift}
 24251 | Orc:1    | Identified the +0 pair of gloves of Exclusion {rC+ Dex+6} (Okawaru gifted it to you on level 1 of the Orcish Mines)
 24758 | Orc:2    | Entered Level 2 of the Orcish Mines
 24759 | Orc:2    | Found Raiseoq's Antique Armour Emporium.
 24775 | Orc:2    | Reached skill level 5 in Invocations
 24775 | Orc:2    | Gained mutation: Your body sometimes deteriorates upon taking damage. [a neqoxec]
 24869 | Orc:2    | Bought a pair of faintly humming boots for 285 gold pieces
 24879 | Orc:2    | Identified the +2 pair of boots of Absolutism {Str+3 Stlth-} (You bought it in a shop on level 2 of the Orcish Mines)
 24949 | Orc:2    | Found Moolyurul's General Store.
 24990 | Orc:2    | Bought a scroll of enchant armour for 97 gold pieces
 24990 | Orc:2    | Bought the +11 war axe "Hydra's Demise" {chop, +Blink Dex+4} for 1073 gold pieces
 25002 | Orc:2    | Found Busheo's Book Shop.
 25075 | Orc:2    | Found a roughly hewn altar of Beogh.
 25275 | Orc:2    | Found a staircase to the Elven Halls.
 25279 | Orc:2    | Found Xyafywne's Antique Weapon Emporium.
 25308 | Orc:2    | Found a roughly hewn altar of Beogh.
 25672 | Snake:1  | Entered Level 1 of the Snake Pit
 25691 | Snake:1  | Found Ecowyts's Jewellery Emporium.
 25835 | Snake:1  | Bought a +4 ring of strength for 324 gold pieces
 25835 | Snake:1  | Bought an uncursed ring of see invisible for 180 gold pieces
 25835 | Snake:1  | Bought the ring "Ygiwuneo" {rN+ Slay+3} for 674 gold pieces
 26208 | Snake:1  | Received a gift from Okawaru
 26290 | Snake:1  | Got a bloodstained shield {god gift}
 26301 | Snake:1  | Identified the +0 shield "Udghyf" {rF+ rN+ Int+2} (Okawaru gifted it to you on level 1 of the Snake Pit)
 26476 | Snake:1  | Found Kopruz's General Store.
 27394 | Snake:2  | Noticed Vashnia
 27430 | Snake:2  | Killed Vashnia
 27430 | Snake:2  | Reached skill level 15 in Armour
 27440 | Snake:2  | Reached XP level 17. HP: 50/163 MP: 17/21
 27876 | Snake:2  | Noticed Agnes
 27880 | Snake:2  | Killed Agnes
 28054 | Snake:2  | Noticed Nikola
 28079 | Snake:2  | Killed Nikola
 28979 | Snake:3  | Received a gift from Okawaru
 28985 | Snake:3  | Identified the +1 plate armour "Agubedy" {+Blink rF+++ Str-5 Int+2} (Okawaru gifted it to you on level 3 of the Snake Pit)
 29093 | Snake:3  | Reached skill level 18 in Fighting
 29119 | Snake:3  | Found Peate's Weapon Shoppe.
 29140 | Snake:3  | Identified the +0 pair of boots of the Immovable Nights {*Slow +Blink Str+4 Stlth-} (You found it on level 3 of the Snake Pit)
 29374 | Snake:4  | Entered Level 4 of the Snake Pit
 30164 | Snake:4  | Received a gift from Okawaru
 30452 | Snake:4  | Reached XP level 18. HP: 173/173 MP: 23/23
 30459 | Snake:4  | Reached skill level 15 in Dodging
 30489 | Snake:4  | Found an ancient bone altar of Kikubaaqudgha.
 30533 | Snake:4  | Found Utanlacom's Assorted Antiques.
 30587 | Snake:4  | Bought a potion of berserk rage for 165 gold pieces
 30587 | Snake:4  | Bought a scroll of teleportation for 99 gold pieces
 31281 | Snake:4  | Got a serpentine rune of Zot
 31662 | Shoals:1 | Entered Level 1 of the Shoals
 32900 | Shoals:2 | Found Catsouttouxt's Distillery.
 32933 | Shoals:2 | Bought a potion of might for 72 gold pieces
 32933 | Shoals:2 | Bought a potion of might for 72 gold pieces
 32933 | Shoals:2 | Bought a potion of haste for 180 gold pieces
 32933 | Shoals:2 | Bought a potion of heal wounds for 90 gold pieces
 32947 | Shoals:2 | Received a gift from Okawaru
 32947 | Shoals:2 | Reached skill level 19 in Fighting
 33167 | Shoals:3 | Reached skill level 10 in Invocations
 33273 | Shoals:3 | Noticed Aizul
 33286 | Shoals:3 | Killed Aizul
 33740 | Shoals:3 | Received a gift from Okawaru
 33908 | Shoals:4 | Entered Level 4 of the Shoals
 34126 | Shoals:4 | Noticed Ilsuiw
 34148 | Shoals:4 | Killed Ilsuiw
 34158 | Shoals:4 | Reached XP level 19. HP: 139/183 MP: 25/25
 34703 | Shoals:4 | Received a gift from Okawaru
 35124 | Shoals:4 | Noticed Bai Suzhen
 35149 | Shoals:4 | Killed Bai Suzhen
 35175 | Shoals:4 | Got a barnacled rune of Zot
 35448 | Vaults:1 | Entered Level 1 of the Vaults
 36073 | Vaults:1 | Received a gift from Okawaru
 36082 | Vaults:1 | Got a heavily runed shield {god gift}
 36093 | Vaults:1 | Identified the +2 shield of the Hanged Man {+Blink rC+ rCorr} (Okawaru gifted it to you on level 1 of the Vaults)
 36618 | Vaults:1 | Found Ateuwet's Food Emporium.
 37480 | Vaults:2 | Reached XP level 20. HP: 193/193 MP: 26/26
 37747 | Vaults:2 | Cast into level 3 of the Abyss (a deep elf sorcerer)
 37860 | Abyss:3  | Gained mutation: Your flesh is heat resistant. (rF+) [a neqoxec]
 37864 | Abyss:3  | Gained mutation: You are weak. (Str -2) [a neqoxec]
 37898 | Abyss:3  | Reached skill level 20 in Fighting
 38208 | Abyss:3  | Received a gift from Okawaru
 38216 | Abyss:3  | Got a shimmering broad axe {god gift}
 38217 | Abyss:3  | Identified the +8 broad axe of Wuduggie {flame, rElec rC+ rN+ Str-5} (Okawaru gifted it to you on level 3 of the Abyss)
 38228 | Vaults:2 | Escaped the Abyss
 38791 | Vaults:2 | Found a staircase to the Crypt.
 38791 | Vaults:2 | Found an ancient bone altar of Kikubaaqudgha.
 38792 | Vaults:2 | Found a basalt altar of Yredelemnul.
 38900 | Vaults:3 | Found Zatinwim's General Store.
 38930 | Vaults:3 | Found Suwk's Antique Armour Boutique.
 39631 | Vaults:3 | Found Joluk's Distillery.
 39684 | Vaults:3 | Received a gift from Okawaru
 40084 | Vaults:3 | Found Gopuahi's Antique Weapon Shoppe.
 40677 | Vaults:4 | Noticed Mennas
 40717 | Vaults:4 | Killed Mennas
 40717 | Vaults:4 | Reached XP level 21. HP: 202/202 MP: 27/27
 40719 | Vaults:4 | Got a jewelled large shield
 40733 | Vaults:4 | Identified the +5 large shield "Enaar" {rF+ rC+ Str+3} (You took it off Mennas on level 4 of the Vaults)
 40774 | Vaults:4 | Found Geuv Bad's Weapon Shop.
 40845 | Vaults:4 | Received a gift from Okawaru
 40885 | Vaults:4 | Paralysed by a floating eye for 3 turns
 41676 | Vaults:5 | Entered Level 5 of the Vaults
 41717 | Vaults:4 | Received a gift from Okawaru
 42080 | Vaults:4 | Reached skill level 21 in Fighting
 42213 | Vaults:5 | Noticed a golden dragon
 42234 | Vaults:5 | Cast into level 3 of the Abyss (a deep elf sorcerer)
 42341 | Abyss:3  | Gained mutation: You are clumsy. (Dex -2) [a neqoxec]
 42433 | Abyss:3  | Received a gift from Okawaru
 42470 | Abyss:3  | Gained mutation: Armour fits poorly on your strangely shaped body. [a neqoxec]
 42565 | Abyss:3  | Reached XP level 22. HP: 161/213 MP: 28/28
 42616 | Vaults:5 | Escaped the Abyss
 42630 | Vaults:5 | Noticed an ancient lich
 42630 | Vaults:5 | HP: 6/213 [tentacled monstrosity (5)]
 42630 | Vaults:5 | HP: 2/213 [small abomination[a deep elf high priest] (1)]
 42630 | Vaults:5 | Mangled by a vault warden

Skill      XL: |  1  2  3  4  5  6  7  8  9 10 11 12 13 14 15 16 17 18 19 20 21 22 |
---------------+-------------------------------------------------------------------+-----
Fighting       | 4 5 6 7 8 10 12 14 15 16 17 18 19 20 21 | 21.2
Shields        | 4 5 7 8 9 11 12 13 15 16 | 16.0
Armour         | 4 5 6 8 9 10 11 12 13 15 16 17 18 20 | 20.7
Axes           | 3 4 5 6 7 9 10 11 12 13 14 15 16 17 18 19 20 | 20.6
Dodging        | 1 2 3 5 6 7 9 10 11 13 14 15 17 18 19 | 19.9
Invocations    | 4 6 8 10 | 10.3
Stealth        | |  0.9

Action                   |  1- 3 |  4- 6 |  7- 9 | 10-12 | 13-15 | 16-18 | 19-21 | 22-24 || total
-------------------------+-------+-------+-------+-------+-------+-------+-------+-------++-------
Melee: War axe           |    81 |   113 |   349 |   397 |       |   495 |       |       ||  1435
       Headbutt          |     8 |    14 |    62 |   139 |   312 |   358 |   427 |    11 ||  1331
       Broad axe         |       |       |       |   235 |  1263 |   673 |  1269 |    18 ||  3458
       Whip              |       |       |       |     9 |    12 |       |       |       ||    21
Invok: Finesse           |       |       |       |       |     1 |     3 |     7 |     1 ||    12
 Abil: Evoke Blink       |       |       |       |       |       |       |     2 |       ||     2
  Use: Scroll            |     4 |     5 |     7 |     6 |    11 |    11 |     9 |       ||    53
       Potion            |     3 |     4 |     4 |     3 |     5 |     2 |     8 |       ||    29
 Stab: Invisible         |       |       |       |       |       |       |     2 |       ||     2
  Eat: Chunk             |       |     4 |    14 |    18 |    34 |    32 |    27 |       ||   129
       Ration            |       |       |       |     1 |       |     1 |       |       ||     2
Armor: Scale mail        |    39 |    21 |    42 |       |       |       |       |       ||   102
       Skin              |       |     4 |       |       |       |       |       |       ||     4
       Plate armour      |       |       |    77 |   218 |   288 |   250 |   224 |    52 ||  1109
Dodge: Dodged            |    31 |    25 |    73 |   124 |   293 |   440 |   411 |    29 ||  1426
       Deflected         |       |       |       |       |     2 |       |       |       ||     2
Block: Shield            |    58 |   103 |   309 |   513 |   993 |  1070 |   664 |       ||  3710
       Reflection        |       |       |     4 |    10 |    47 |   174 |    96 |     1 ||   332
       Large shield      |       |       |       |       |       |       |   386 |    39 ||   425
